 Dungeon Crawl Stone Soup version 0.32-a0-909-gc671339a80 (webtiles) character file.

Game seed: 9294557952657201000

22628 jestert79 the Spear-Bearer (level 13, 6/99 HPs)
             Began as a Coglin Gladiator on Apr 6, 2024.
             Was an Initiate of Gozag.
             Quit the game on level 2 of the Lair of Beasts.
             The game lasted 00:45:36 (16380 turns).

jestert79 the Spear-Bearer (Coglin Gladiator)      Turns: 16380, Time: 00:45:36

Health: 6/99       AC:  8    Str: 19    XL:     13   Next: 1%
Magic:  13/13      EV: 14    Int:  9    God:    Gozag
Gold:   3411       SH:  0    Dex: 15    Spells: 12/12 levels left

rFire   . . .        b - staff of conjuration {Ur-Dumizida}
rCold   + . .        E - staff of cold {Paramjit}
rNeg    . . .        n - +3 leather armour
rPois   .            c - +1 helmet
rElec   .            v - scarf {repulsion}
rCorr   .            (no gloves)
SInv    .            (no boots)
Will    .....        (amulet unavailable)
Stlth   +            (ring unavailable)
HPRegen 0.36/turn    (ring unavailable)
MPRegen 0.13/turn    (no gizmo)

%: repel missiles
@: seriously poisoned (6 -> 1), revved
A: off-hand wielding, slow wielding, warmup strikes, no jewellery
a: Invent Gizmo, Renounce Religion, Potion Petition, Call Merchant, Bribe Branch


You were on level 2 of the Lair of Beasts.
You worshipped Gozag.
Gozag was most pleased with you.
You visited 2 branches of the dungeon, and saw 14 of its levels.
You also visited: Sewer and Bailey.

You collected 3579 gold pieces.
You spent 168 gold pieces at shops.

Inventory:

Hand Weapons
 a - a +1 trident of protection {Prasit}
 C - a +3 trident of freezing {Salvador}
Missiles
 d - 2 throwing nets
 e - 7 javelins
 i - 3 datura-tipped darts
 m - 60 poisoned darts
 A - 4 curare-tipped darts (quivered)
Armour
 c - a +1 helmet (worn)
 n - a +3 leather armour (worn)
 v - a scarf of repulsion (worn)
Magical Staves
 b - a staff of conjuration (weapon) {Ur-Dumizida}
 E - a staff of cold (offhand) {Paramjit}
Wands
 g - a wand of mindburst (7)
 t - a wand of polymorph (6)
 w - a wand of acid (9)
 z - a wand of warping (8)
Scrolls
 k - 3 scrolls of teleportation
 p - 6 scrolls of blinking
 x - 2 scrolls of fog
 y - 4 scrolls of immolation
 D - 2 scrolls of fear
Potions
 f - 4 potions of magic
 h - 3 potions of mutation
 j - 2 potions of haste
 l - 3 potions of might
 o - 2 potions of resistance
 q - 2 potions of brilliance
 r - 2 potions of invisibility {unknown}
 s - a potion of berserk rage
 u - 6 potions of curing
 B - 2 potions of heal wounds


   Skills:
 - Level 8.7 Fighting
 - Level 12.0(12.7) Polearms
 + Level 6.8(10.3) Staves
 - Level 3.0 Throwing
 - Level 8.2 Dodging
 + Level 5.1 Conjurations
 + Level 5.1 Ice Magic
 + Level 7.4 Evocations


You had 12 spell levels left.
You didn't know any spells.
Your spell library contained the following spells:

 Spells                   Type           Power      Damage    Failure   Level
 Ensorcelled Hibernation  Hex/Ice        12%        N/A       26%         2
 Dazzling Flash           Conj/Hex       12%        N/A       45%         3
 Mercury Vapours          Alch/Air       0%         N/A       58%         2
 Mephitic Cloud           Conj/Alch/Air  4%         N/A       58%         3
 Passwall                 Erth           0%         N/A       82%         3
 Swiftness                Air            0%         N/A       82%         3
 Tukima's Dance           Hex            0%         N/A       82%         3
 Volatile Blastmotes      Fire/Tloc      0%         2d10      82%         3
 Fulminant Prism          Conj/Alch      3%         3d5       86%         4
 Iskenderun's Mystic Bla Conj/Tloc 6%             2d4        (+2d1     86%         4
 Freezing Cloud           Conj/Ice/Air   6%         6-21      98%         5
 Passage of Golubria      Tloc           0%         N/A       99%         4
 Curse of Agony           Necr           0%         N/A       100%        5
 Silence                  Hex/Air        0%         N/A       100%        5
 Yara's Violent Unravell  Hex/Alch       0%         3d3       100%        5


Dungeon Overview and Level Annotations

Branches:
Dungeon (12/15)            Temple (0/1) D:5            Lair (2/5) D:9
    Orc (0/2) D:10          Sewer (visited)          Bailey (visited)
  Swamp: Lair:2-3    Shoals: Lair:2-3     Snake: Lair:2-3    Spider: Lair:2-3

Altars:
Gozag
Hepliaklqana
Kikubaaqudgha
Qazlal
Sif Muna
Uskayaw
Wu Jian
Xom

Shops:
D:5 ?

Annotations:
Lair:2 2 transporters, Hiwnic's ghost, journeyman OpFE


Innate Abilities, Weirdness & Mutations

You can wield a second weapon in your off-hand.
It takes a long time for you to wield or remove held weapons.
Your first few attacks do less damage.
You cannot equip rings or amulets.


Message History

You hit the cane toad but do no damage.
You feel very sick. The cane toad closely misses you.
You barely miss the cane toad with your staff of cold.
The cane toad is heavily wounded.
You barely miss the cane toad with your staff of conjuration.
You feel very sick. The cane toad closely misses you.
You hit the cane toad but do no damage.
The cane toad is heavily wounded.
You hit the cane toad but do no damage.
You feel very sick.
You hit the cane toad but do no damage.
The cane toad is heavily wounded.
You closely miss the cane toad with your staff of cold.
You feel very sick. The cane toad stings you!
* * * LOW HITPOINT WARNING * * *
You hit the cane toad but do no damage.
The cane toad is heavily wounded.
You hit the cane toad but do no damage.
You feel sick. The cane toad stings you.
* * * LOW HITPOINT WARNING * * *
You closely miss the cane toad with your staff of cold.
The cane toad is heavily wounded.
You barely miss the cane toad with your staff of conjuration.
* * * LOW HITPOINT WARNING * * *
You feel sick. The cane toad closely misses you.
Unknown command.
* * * LOW HITPOINT WARNING * * *
You feel very sick.
You are too injured to fight recklessly!
* * * LOW HITPOINT WARNING * * *
You feel sick. The cane toad closely misses you.
Unknown command.
Are you sure you want to abandon this character and quit the game? (Confirm with "yes".)
Okay, then.
Unknown command.
Unknown command.
Are you sure you want to abandon this character and quit the game? (Confirm with "yes".)

...............##
................#
................##
......#..........#
.....##..........#
....####.........#
....P# #.........#
....## #.........#
...#. ##......F@#
.........#
#........#
#......../
#.........#
.........##
....$....#
........#


You could see a cane toad.

Vanquished Creatures
  A hydra (D:8)
  3 boulder beetles
  A catoblepas (Lair:1)
  A deep elf pyromancer (D:12)
  A manticore (D:12)
  2 cyclopes
  A black mamba (Lair:1)
  6 elephants (Lair:1)
  2 cane toads
  A gargoyle (D:12)
  A kobold demonologist (Bailey)
  A torpor snail (Lair:1)
  8 komodo dragons
  A polar bear (Lair:1)
  2 trolls
  2 hornets (Lair:1)
  Prince Ribbit (D:8)
  Grinder (D:6)
  4 blink frogs (Lair:1)
  2 shadows
  4 wyverns
  3 wraiths
  9 yaks
  Eustachio (D:4)
  3 vampire mosquitoes (D:11)
  2 steam dragons
  2 acid dragons
  3 water moccasins
  12 orc warriors
  3 black bears
  4 ogres
  5 centaurs
  3 wolves (Lair:1)
  5 kobold brigands
  4 bullfrogs
  A gnoll sergeant (D:9)
  4 scorpions
  7 wights
  12 killer bees
  9 electric eels
  2 howler monkeys (D:12)
  3 orc priests
  3 hounds
  3 bombardier beetles
  3 gnoll boudas
  A jelly (D:8)
  3 sleepcaps
  Ijyb (D:5)
  Natasha (twice) (D:2)
  12 orc wizards
  13 adders
  22 gnolls
  8 river rats (Sewer)
  A white imp (D:6)
  4 dart slugs
  2 ribbon worms (D:2)
  50 orcs
  8 endoplasms
  3 giant cockroaches
  9 goblins
  8 hobgoblins
  5 jackals
  45 kobolds
  7 quokkas
  15 ball pythons
  2 bats (D:2)
  3 frilled lizards
  20 rats
396 creatures vanquished.

Vanquished Creatures (collateral kills)
  An orc sorcerer (Bailey)
1 creature vanquished.

Vanquished Creatures (others)
  A shadow imp (D:5)
1 creature vanquished.

Grand Total: 398 creatures vanquished

Notes
Turn   | Place    | Note
-------+----------+-------------------------------------------
     0 | D:1      | jestert79 the Coglin Gladiator began the quest for the Orb.
     0 | D:1      | Reached XP level 1. HP: 16/16 MP: 1/1
    31 | D:1      | Reached skill level 3 in Polearms
    38 | D:1      | Reached XP level 2. HP: 21/22 MP: 2/2
   760 | D:1      | Reached XP level 3. HP: 27/27 MP: 3/3
   768 | D:1      | Found a faded altar of an unknown god.
   772 | D:1      | Prayed at the altar of an unknown god.
   772 | D:1      | Became a worshipper of Gozag Ym Sagoz the Greedy
   962 | D:2      | Reached skill level 4 in Polearms
  1107 | D:2      | Reached XP level 4. HP: 26/33 MP: 4/4
  1253 | D:2      | Noticed Natasha
  1261 | D:2      | Killed Natasha
  1485 | D:2      | Noticed Natasha
  1493 | D:2      | Killed Natasha
  1494 | D:2      | Reached skill level 5 in Polearms
  1494 | D:2      | Reached XP level 5. HP: 33/38 MP: 5/5
  1720 | D:3      | You fall into a shaft and drop 1 floor!
  1740 | D:4      | Noticed Eustachio
  1787 | D:4      | Killed Eustachio
  1788 | D:4      | Reached XP level 6. HP: 37/44 MP: 6/6
  1965 | D:4      | Reached skill level 6 in Polearms
  2020 | D:4      | Found a glowing drain.
  2024 | Sewer    | Entered a sewer
  2052 | Sewer    | Reached XP level 7. HP: 51/51 MP: 7/7
  3385 | D:3      | Identified the amulet of Moderation {Spirit rF+ rCorr}
  3921 | D:5      | Entered Level 5 of the Dungeon
  3933 | D:5      | Reached XP level 8. HP: 60/60 MP: 8/8
  4009 | D:5      | Found a staircase to the Ecumenical Temple.
  4088 | D:5      | Noticed Ijyb
  4115 | D:5      | Killed Ijyb
  4263 | D:5      | Found a hide-covered altar of Uskayaw.
  4324 | D:5      | Reached skill level 7 in Polearms
  4334 | D:5      | Found The Oracle's Delphic Readings.
  4338 | D:5      | Bought a scroll of identify for 28 gold pieces
  4338 | D:5      | Bought a scroll of identify for 28 gold pieces
  4338 | D:5      | Bought a scroll of fog for 56 gold pieces
  4338 | D:5      | Bought a scroll of immolation for 56 gold pieces
  4677 | D:5      | Reached skill level 5 in Fighting
  4975 | D:6      | Noticed Grinder
  4996 | D:6      | Paralysed by Grinder for 4 turns
  4999 | D:6      | Killed Grinder
  5000 | D:6      | Reached skill level 8 in Polearms
  5000 | D:6      | Reached skill level 5 in Dodging
  5000 | D:6      | Reached XP level 9. HP: 53/68 MP: 9/9
  5229 | D:6      | Found a stormy altar of Qazlal.
  5232 | D:6      | Found a shimmering altar of Xom.
  5541 | D:6      | Found a shimmering blue altar of Sif Muna.
  6269 | D:7      | Found an opulent altar of Gozag.
  6682 | D:7      | Reached skill level 9 in Polearms
  6823 | D:7      | Found an ornate altar of the Wu Jian Council.
  7308 | D:8      | Noticed a six-headed hydra
  7327 | D:7      | Reached XP level 10. HP: 21/71 MP: 10/10
  7648 | D:7      | Reached skill level 10 in Polearms
  7726 | D:8      | Noticed Prince Ribbit
  7730 | D:8      | Killed a six-headed hydra
  7824 | D:8      | Killed Prince Ribbit
  8786 | D:9      | Found a staircase to the Lair.
  9521 | D:10     | Entered Level 10 of the Dungeon
  9558 | D:10     | Found a flagged portal.
  9563 | Bailey   | Entered a bailey
  9671 | Bailey   | Reached skill level 11 in Polearms
  9873 | Bailey   | Reached XP level 11. HP: 70/86 MP: 11/11
 10033 | Bailey   | Acquired a staff of conjuration
 10231 | Bailey   | Found an iron altar of Okawaru.
 10263 | Bailey   | Noticed an orc sorcerer
 10270 | Bailey   | Killed an orc sorcerer
 10559 | D:10     | Noticed a cyclops
 10564 | D:10     | Killed a cyclops
 10718 | D:10     | Found an ancient bone altar of Kikubaaqudgha.
 11104 | D:10     | Found a staircase to the Orcish Mines.
 11160 | D:10     | Identified the +5 helmet "Kapes" {rElec Will- Regen+ Int+2}
 11420 | D:11     | Reached skill level 12 in Polearms
 11532 | D:11     | Reached skill level 1 in Staves
 11532 | D:11     | Reached skill level 1 in Evocations
 11636 | D:11     | Noticed a cyclops
 11646 | D:11     | Killed a cyclops
 11647 | D:11     | Reached skill level 1 in Conjurations
 11647 | D:11     | Reached skill level 1 in Ice Magic
 12223 | D:12     | Noticed a manticore
 12230 | D:12     | Killed a manticore
 12345 | D:12     | Found a hazy altar of Hepliaklqana.
 12396 | D:12     | Noticed a deep elf pyromancer
 12410 | D:12     | Killed a deep elf pyromancer
 13157 | Lair:1   | Entered Level 1 of the Lair of Beasts
 13166 | Lair:1   | Reached XP level 12. HP: 41/94 MP: 12/12
 13224 | Lair:1   | HP: 3/94 [elephant (4)]
 13233 | Lair:1   | Reached skill level 5 in Staves
 13233 | Lair:1   | Reached skill level 5 in Evocations
 13677 | Lair:1   | Paralysed by a hornet for 2 turns
 14571 | Lair:1   | Noticed a boulder beetle
 14583 | Lair:1   | Killed a boulder beetle
 15034 | Lair:1   | Noticed a catoblepas
 15073 | Lair:1   | Killed a catoblepas
 15158 | Lair:1   | Noticed a boulder beetle
 15453 | Lair:1   | Killed a boulder beetle
 15969 | Lair:2   | Reached skill level 5 in Conjurations
 16019 | Lair:2   | Found a hide-covered altar of Uskayaw.
 16019 | Lair:2   | Noticed a boulder beetle
 16042 | Lair:2   | Killed a boulder beetle
 16043 | Lair:2   | Reached skill level 5 in Ice Magic
 16043 | Lair:2   | Reached XP level 13. HP: 81/99 MP: 13/13
 16050 | Lair:2   | Found an ornate altar of the Wu Jian Council.
 16187 | Lair:2   | Found a transporter.
 16203 | Lair:2   | Found a transporter.
 16207 | Lair:2   | Noticed Hiwnic's ghost (journeyman OpFE)
 16380 | Lair:2   | Quit the game

Illustrated notes

Levels and vault maps discovered:
D:1:      dpeg_arrival_ternary, layout_basic,
          shapermc_ecumenical_altar_hornbeckon, corexii_corridor_pit
D:2:      layout_loops_ring, kennysheep_small_spiral, kennysheep_flooded_box,
          uniq_natasha
D:3:      layout_rooms, hex_large, chequers_big_river,
          kennysheep_generic_room_15
D:4:      layout_loops_ring, nicolae_overflow_hidden_temple,
          mainiacjoe_sewer_entry_somewhere_in_here_2, uniq_eustachio
D:5:      layout_basic, mainiacjoe_overflow_six_doors_small,
          minmay_temple_entry_glass, minmay_misc_feat_chi,
          nicolae_nh_oracle_at_delphi, uniq_ijyb
D:6:      layout_loops_ring, tgw_sif, nicolae_overflow_squiral,
          kennysheep_decorative_pillar, minmay_misc_feat_roman, uniq_grinder
D:7:      layout_loops_corners, marbit_many_paths, grunt_gozag_breadcrumbs
D:8:      layout_rooms, minmay_checkerbox, uniq_prince_ribbit1
D:9:      layout_roguey, david_lair_shrubbed, serial_bayou_lake_a
D:10:     layout_loops_ring, general_overflow_altar, david_orc_2,
          enter_bailey_1, minmay_liquid_box
D:11:     layout_big_octagon, pond
D:12:     layout_basic, serial_shops, nicolae_shop_mannequins,
          nzn_hepliaklqana_mist_gate
Lair:1:   layout_cave_pods, hangedman_lair_unloving_vines
Lair:2:   layout_cave_pods, minmay_swamp_entry_reptiles, nzn_ghost_randoct,
          nzn_masters_of_martial_movement

Skill      XL: |  1  2  3  4  5  6  7  8  9 10 11 12 |
---------------+-------------------------------------+-----
Polearms       | 3 4 5 6 8 9 11 12 | 12.0
Throwing       | 2 3 |  3.0
Dodging        | 3 4 5 6 7 8 |  8.2
Fighting       | 4 5 6 8 |  8.7
Staves         | 3 6 |  6.8
Evocations     | 3 7 |  7.4
Conjurations   | 2 5 |  5.1
Ice Magic      | 2 5 |  5.1

Action                     |  1- 3 |  4- 6 |  7- 9 | 10-12 | 13-15 || total
---------------------------+-------+-------+-------+-------+-------++-------
  Melee: Trident           |    73 |   112 |   335 |  1028 |       ||  1548
         Dagger            |    55 |    14 |       |       |       ||    69
         Spear             |       |    81 |   343 |    51 |       ||   475
         Staff             |       |       |       |   140 |    30 ||   170
  Throw: Throwing net      |       |       |     3 |       |       ||     3
         Dart              |       |       |       |    11 |       ||    11
  Evoke: Wand              |       |       |     2 |     6 |       ||     8
    Use: Scroll            |       |     2 |    10 |    11 |       ||    23
         Potion            |       |       |       |     7 |       ||     7
   Stab: Sleeping          |     2 |     2 |       |     1 |       ||     5
         Distracted        |       |       |     2 |     3 |       ||     5
 Armour: Leather armour    |    31 |    63 |   152 |   290 |     9 ||   545
  Dodge: Dodged            |    33 |    61 |   141 |   293 |     5 ||   533
         Repelled          |       |       |     5 |    25 |       ||    30

Table legend: (Time is in decaauts)
 A = Elapsed time spent in this place.
 B = Non-inter-level travel time spent in this place.
 C = Inter-level travel time spent in this place.
 D = Time resting spent in this place.
 E = Time spent auto-exploring this place.
 F = Levels seen in this place.
 G = Mean time per level.
                   A        B        C        D        E       F      G
               +--------+--------+--------+--------+--------+-----+--------+
         Total |  16239 |  15322 |    917 |   3014 |   8542 |  16 | 1014.9 |
       Dungeon |  11722 |  10843 |    879 |   1661 |   6948 |  12 |  976.8 |
          Lair |   3032 |   2994 |     38 |   1108 |   1265 |   2 | 1516.0 |
         Sewer |    553 |    553 |      0 |      7 |    182 |   1 |  553.0 |
        Bailey |    932 |    932 |      0 |    236 |    145 |   1 |  932.0 |
               +--------+--------+--------+--------+--------+-----+--------+

Top non-repeatable levels by time:
  Lair:1: 2504 daAuts
     D:7: 1751 daAuts
     D:9: 1322 daAuts
     D:4: 983 daAuts
     D:6: 957 daAuts
     D:5: 955 daAuts
    D:10: 933 daAuts
  Bailey: 932 daAuts
     D:2: 910 daAuts
    D:11: 888 daAuts
    D:12: 827 daAuts
     D:1: 822 daAuts
     D:3: 686 daAuts
     D:8: 685 daAuts
   Sewer: 553 daAuts
